| TOP OF THE 1ST |
|
Kannapolis Intimidators batting - Pitching for Hickory Crawdads : RHP Eddie Rojo
|
|
Pitching: RHP Eddie Rojo
|
|
|
Batting: SHB Ruben Velasco Jr.
|
0-0: Foul Ball, location: 2F 0-1: Foul Ball, location: 2F 0-2: Ball 1-2: Foul Ball, location: 2F 1-2: Ground out 4-3 (Groundball, 4, EV 90.0 MPH)
|
|
Batting: RHB Mark Jones
|
0-0: Called Strike 0-1: Called Strike 0-2: Ball 1-2: Foul Ball, location: 2F 1-2: Foul Ball, location: 2F 1-2: Strikes out swinging
|
|
Batting: RHB Vic Lucatero
|
0-0: Swinging Strike 0-1: Foul Ball, location: 2F 0-2: Strikes out swinging, 2-3 out at first.
|
| Top of the 1st over - 0 runs, 0 hits, 0 errors, 0 left on base; Kannapolis 0 - Hickory 0 |
| BOTTOM OF THE 1ST |
|
Hickory Crawdads batting - Pitching for Kannapolis Intimidators : LHP Dustin Waller
|
|
Pitching: LHP Dustin Waller
|
|
|
Batting: RHB Theo van Gent
|
0-0: Called Strike 0-1: SINGLE (Line Drive, 6M, EV 98.1 MPH)
|
|
Batting: RHB Josh Ferguson
|
0-0: Called Strike 0-1: Called Strike 0-2: Ball 1-2: Foul Ball, location: 2F 1-2: Ball 2-2: Ball 3-2: Reached on error, E1 (Groundball, 25, EV 63.1 MPH) Theo van Gent to second
|
|
Batting: RHB Joe Fiorito
|
0-0: Called Strike 0-1: Ball 1-1: Fly out, F8 (Flyball, 8RM, EV 90.0 MPH)
|
|
Batting: RHB George King
|
0-0: Ball 1-0: Ball 2-0: Swinging Strike 2-1: Called Strike 2-2: Strikes out swinging
|
|
Batting: LHB Sadamu Noguchi
|
0-0: SINGLE (Groundball, 4MD, EV 108.1 MPH) Theo van Gent to third Josh Ferguson to second Runner from 3rd tries for Home, throw by CF and OUT! 8-2
|
| Bottom of the 1st over - 0 runs, 2 hits, 1 error, 2 left on base; Kannapolis 0 - Hickory 0 |
| TOP OF THE 2ND |
|
Kannapolis Intimidators batting - Pitching for Hickory Crawdads : RHP Eddie Rojo
|
|
Batting: RHB Benny O'Connor
|
0-0: Foul Ball, location: 2F 0-1: Ball 1-1: Foul Ball, location: 2F 1-2: Strikes out swinging
|
|
Batting: RHB Adam Lambert
|
0-0: Foul Ball, location: 2F 0-1: Ball 1-1: Ball 2-1: Ground out 5-3 (Groundball, 56S, EV 86.9 MPH)
|
|
Batting: SHB Ivan Barry
|
0-0: Called Strike 0-1: Ground out 4-3 (Groundball, 4, EV 80.0 MPH)
|
| Top of the 2nd over - 0 runs, 0 hits, 0 errors, 0 left on base; Kannapolis 0 - Hickory 0 |
| BOTTOM OF THE 2ND |
|
Hickory Crawdads batting - Pitching for Kannapolis Intimidators : LHP Dustin Waller
|
|
Batting: RHB Vinny Luna
|
0-0: Called Strike 0-1: Ball 1-1: Ground out 6-3 (Groundball, 6, EV 90.6 MPH)
|
|
Batting: RHB Tim Adams
|
0-0: Ball 1-0: Foul Ball, location: 2F 1-1: Ball 2-1: Ball 3-1: Foul Ball, location: 2F 3-2: Foul Ball, location: 2F 3-2: Foul Ball, location: 2F 3-2: Ground out 4-3 (Groundball, 4, EV 88.1 MPH)
|
|
Batting: RHB Dave Brabo
|
0-0: Ball 1-0: Called Strike 1-1: Ball 2-1: Ground out 4-3 (Groundball, 4, EV 83.8 MPH)
|
| Bottom of the 2nd over - 0 runs, 0 hits, 0 errors, 0 left on base; Kannapolis 0 - Hickory 0 |
| TOP OF THE 3RD |
|
Kannapolis Intimidators batting - Pitching for Hickory Crawdads : RHP Eddie Rojo
|
|
Batting: SHB Josh Conner
|
0-0: Swinging Strike 0-1: Ball 1-1: Swinging Strike 1-2: Ball 2-2: Ball 3-2: Foul Ball, location: 2F 3-2: Strikes out swinging
|
|
Batting: RHB Bill Williams
|
0-0: Foul Ball, location: 2F 0-1: Ball 1-1: Swinging Strike 1-2: Strikes out swinging
|
|
Batting: RHB Egidius Kruger
|
0-0: Ball 1-0: Ground out 6-3 (Groundball, 56D, EV 103.1 MPH)
|
| Top of the 3rd over - 0 runs, 0 hits, 0 errors, 0 left on base; Kannapolis 0 - Hickory 0 |
| BOTTOM OF THE 3RD |
|
Hickory Crawdads batting - Pitching for Kannapolis Intimidators : LHP Dustin Waller
|
|
Batting: RHB Ricky Carbajal
|
0-0: Called Strike 0-1: Hit by Pitch
|
|
Batting: RHB Theo van Gent
|
0-0: Ball 1-0: Ball 2-0: Called Strike 2-1: Ball 3-1: Base on Balls Ricky Carbajal to second
|
|
Batting: RHB Josh Ferguson
|
0-0: Ball 1-0: Ball 2-0: Ball Wild Pitch! Ricky Carbajal to third Theo van Gent to second 3-0: Base on Balls
|
|
Batting: RHB Joe Fiorito
|
0-0: Called Strike 0-1: GRAND SLAM HOME RUN (Flyball, 9LD, EV 93.8 MPH), Distance : 348 ft
|
|
Batting: RHB George King
|
0-0: Ground out 1-3 (Groundball, 13S, EV 62.5 MPH)
|
|
Batting: LHB Sadamu Noguchi
|
0-0: Ball 1-0: Foul Ball, location: 2F 1-1: SOLO HOME RUN (Flyball, 78XD, EV 109.4 MPH), Distance : 451 ft
|
|
Batting: RHB Vinny Luna
|
0-0: Ball 1-0: Ball 2-0: Ball 3-0: Called Strike 3-1: Fly out, F9 (Flyball, 89S, EV 86.9 MPH)
|
|
Batting: RHB Tim Adams
|
0-0: Ball 1-0: Foul Ball, location: 2F 1-1: Ground out 5-3 (Groundball, 56S, EV 78.8 MPH)
|
| Bottom of the 3rd over - 5 runs, 2 hits, 0 errors, 0 left on base; Kannapolis 0 - Hickory 5 |
| TOP OF THE 4TH |
|
Kannapolis Intimidators batting - Pitching for Hickory Crawdads : RHP Eddie Rojo
|
|
Batting: SHB Ruben Velasco Jr.
|
0-0: Foul Ball, location: 2F 0-1: Fly out, F6 (Popup, 15S, EV 94.4 MPH)
|
|
Batting: RHB Mark Jones
|
0-0: Reached on error, E3 (Groundball, 34, EV 85.6 MPH)
|
|
Batting: RHB Vic Lucatero
|
0-0: Ball 1-0: Called Strike 1-1: Ball 2-1: Foul Ball, location: 2F 2-2: Strikes out swinging
|
|
Batting: RHB Benny O'Connor
|
0-0: Ball 1-0: Swinging Strike 1-1: Swinging Strike 1-2: Strikes out looking
|
| Top of the 4th over - 0 runs, 0 hits, 1 error, 1 left on base; Kannapolis 0 - Hickory 5 |
| BOTTOM OF THE 4TH |
|
Hickory Crawdads batting - Pitching for Kannapolis Intimidators : LHP Dustin Waller
|
|
Pitching: RHP Ricardo Bautista
|
|
|
Batting: RHB Dave Brabo
|
0-0: Called Strike 0-1: Ball 1-1: Ball 2-1: Ball 3-1: Foul Ball, location: 2F 3-2: Base on Balls
|
|
Batting: RHB Ricky Carbajal
|
0-0: Called Strike 0-1: Ball 1-1: Foul Ball, location: 2F 1-2: Ball 2-2: Ball 3-2: Fielders Choice at 2nd, 6-4 (Groundball, 6D, EV 101.9 MPH)
|
|
Batting: RHB Theo van Gent
|
0-0: Ball 1-0: Swinging Strike 1-1: Swinging Strike 1-2: Ball 2-2: 2-RUN HOME RUN (Flyball, 7D, EV 101.9 MPH), Distance : 396 ft
|
|
Batting: RHB Josh Ferguson
|
0-0: SINGLE (Flyball, 5D, EV 91.2 MPH) - OUT at second base trying to stretch hit.
|
|
Batting: RHB Joe Fiorito
|
0-0: Called Strike 0-1: Foul Ball, location: 2F 0-2: Ball 1-2: Strikes out swinging
|
| Bottom of the 4th over - 2 runs, 2 hits, 0 errors, 0 left on base; Kannapolis 0 - Hickory 7 |
| TOP OF THE 5TH |
|
Kannapolis Intimidators batting - Pitching for Hickory Crawdads : RHP Eddie Rojo
|
|
Batting: RHB Adam Lambert
|
0-0: Foul Ball, location: 2F 0-1: Ball 1-1: Foul Ball, location: 2F 1-2: Ground out 5-3 (Groundball, 5L, EV 109.4 MPH)
|
|
Batting: SHB Ivan Barry
|
0-0: Foul Ball, location: 2F 0-1: Ball 1-1: Foul Ball, location: 2F 1-2: Ball 2-2: SINGLE (Groundball, 6MD, EV 94.4 MPH)
|
|
Batting: SHB Josh Conner
|
0-0: Ball 1-0: SINGLE (Groundball, 6S, EV 74.4 MPH) (infield hit) Ivan Barry to second
|
|
Batting: RHB Bill Williams
|
0-0: Called Strike 0-1: Called Strike 0-2: Strikes out looking
|
|
Batting: RHB Egidius Kruger
|
0-0: Ball 1-0: Foul Ball, location: 2F 1-1: Ball 2-1: Called Strike 2-2: Ball 3-2: Ground out 5-3 (Groundball, 56, EV 90.0 MPH)
|
| Top of the 5th over - 0 runs, 2 hits, 0 errors, 2 left on base; Kannapolis 0 - Hickory 7 |
| BOTTOM OF THE 5TH |
|
Hickory Crawdads batting - Pitching for Kannapolis Intimidators : RHP Ricardo Bautista
|
|
Batting: RHB George King
|
0-0: Foul Ball, location: 2F 0-1: Called Strike 0-2: Strikes out swinging
|
|
Batting: LHB Sadamu Noguchi
|
0-0: Foul Ball, location: 2F 0-1: Fly out, F8 (Flyball, 8RS, EV 86.9 MPH)
|
|
Batting: RHB Vinny Luna
|
0-0: Foul Ball, location: 2F 0-1: Foul Ball, location: 2F 0-2: Strikes out looking
|
| Bottom of the 5th over - 0 runs, 0 hits, 0 errors, 0 left on base; Kannapolis 0 - Hickory 7 |
| TOP OF THE 6TH |
|
Kannapolis Intimidators batting - Pitching for Hickory Crawdads : RHP Eddie Rojo
|
|
Batting: SHB Ruben Velasco Jr.
|
0-0: Ball 1-0: Ball 2-0: Called Strike 2-1: Foul Ball, location: 2F 2-2: Strikes out swinging
|
|
Batting: RHB Mark Jones
|
0-0: DOUBLE (Groundball, 5L, EV 108.1 MPH)
|
|
Batting: RHB Vic Lucatero
|
0-0: Ball 1-0: 2-RUN HOME RUN (Line Drive, 7D, EV 98.1 MPH), Distance : 391 ft
|
|
Batting: RHB Benny O'Connor
|
0-0: Called Strike 0-1: Ball 1-1: Ball 2-1: Ground out 1-3 (Groundball, 13S, EV 68.1 MPH)
|
|
Batting: RHB Adam Lambert
|
0-0: Ground out 5-3 (Groundball, 56S, EV 88.1 MPH)
|
| Top of the 6th over - 2 runs, 2 hits, 0 errors, 0 left on base; Kannapolis 2 - Hickory 7 |
| BOTTOM OF THE 6TH |
|
Hickory Crawdads batting - Pitching for Kannapolis Intimidators : RHP Ricardo Bautista
|
|
Batting: RHB Tim Adams
|
0-0: Ground out 5-3 (Groundball, 56, EV 81.9 MPH)
|
|
Batting: RHB Dave Brabo
|
0-0: Ball 1-0: Foul Ball, location: 2F 1-1: Foul Ball, location: 2F 1-2: Fly out, F7 (Flyball, 78D, EV 85.0 MPH)
|
|
Batting: RHB Ricky Carbajal
|
0-0: Called Strike 0-1: Called Strike 0-2: Fly out, F9 (Flyball, 9LS, EV 91.2 MPH)
|
| Bottom of the 6th over - 0 runs, 0 hits, 0 errors, 0 left on base; Kannapolis 2 - Hickory 7 |
| TOP OF THE 7TH |
|
Kannapolis Intimidators batting - Pitching for Hickory Crawdads : RHP Eddie Rojo
|
|
Batting: SHB Ivan Barry
|
0-0: Foul Ball, location: 2F 0-1: Foul Ball, location: 2F 0-2: Strikes out swinging
|
|
Batting: SHB Josh Conner
|
0-0: Foul Ball, location: 2F 0-1: Swinging Strike 0-2: Strikes out swinging
|
|
Batting: RHB Bill Williams
|
0-0: Called Strike 0-1: Ball 1-1: Foul Ball, location: 2F 1-2: Strikes out looking
|
| Top of the 7th over - 0 runs, 0 hits, 0 errors, 0 left on base; Kannapolis 2 - Hickory 7 |
| BOTTOM OF THE 7TH |
|
Hickory Crawdads batting - Pitching for Kannapolis Intimidators : RHP Ricardo Bautista
|
|
Batting: RHB Theo van Gent
|
0-0: Ball 1-0: Ball 2-0: Ball 3-0: Called Strike 3-1: Base on Balls
|
|
Pitching: RHP Ruben Vazquez
|
|
|
Batting: RHB Josh Ferguson
|
0-0: Ball 1-0: Called Strike 1-1: Ball 2-1: Ball 3-1: Called Strike 3-2: Foul Ball, location: 2F 3-2: Base on Balls Theo van Gent to second
|
|
Batting: RHB Joe Fiorito
|
0-0: Called Strike 0-1: Called Strike 0-2: Ball 1-2: Strikes out swinging
|
|
Batting: RHB George King
|
0-0: Ball 1-0: Called Strike 1-1: Called Strike 1-2: Ball 2-2: Ball 3-2: Fielders Choice at 2nd, 6-4 (Groundball, 6D, EV 98.8 MPH) Theo van Gent to third
|
|
Batting: LHB Sadamu Noguchi
|
0-0: Ball 1-0: Fielders Choice at 2nd, U4 (Groundball, 4M, EV 94.4 MPH)
|
| Bottom of the 7th over - 0 runs, 0 hits, 0 errors, 2 left on base; Kannapolis 2 - Hickory 7 |
| TOP OF THE 8TH |
|
Kannapolis Intimidators batting - Pitching for Hickory Crawdads : RHP Eddie Rojo
|
|
Batting: RHB Egidius Kruger
|
0-0: Called Strike 0-1: Ball 1-1: Ground out 5-3 (Groundball, 56, EV 108.1 MPH)
|
|
Pitching: RHP Dan Landry
|
|
|
Batting: SHB Ruben Velasco Jr.
|
0-0: Ball 1-0: Called Strike 1-1: Ball 2-1: Foul Ball, location: 2F 2-2: Strikes out swinging
|
|
Batting: RHB Mark Jones
|
0-0: Ball 1-0: Ground out 4-3 (Groundball, 4, EV 103.1 MPH)
|
| Top of the 8th over - 0 runs, 0 hits, 0 errors, 0 left on base; Kannapolis 2 - Hickory 7 |
| BOTTOM OF THE 8TH |
|
Hickory Crawdads batting - Pitching for Kannapolis Intimidators : RHP Ruben Vazquez
|
|
Batting: RHB Vinny Luna
|
0-0: Ball 1-0: Ball 2-0: Ground out 1-3 (Groundball, 13S, EV 70.0 MPH)
|
|
Batting: RHB Tim Adams
|
0-0: Foul Ball, location: 2F 0-1: Ball 1-1: Called Strike 1-2: Strikes out swinging
|
|
Batting: RHB Dave Brabo
|
0-0: Called Strike 0-1: Fly out, F8 (Flyball, 8RD, EV 93.1 MPH)
|
| Bottom of the 8th over - 0 runs, 0 hits, 0 errors, 0 left on base; Kannapolis 2 - Hickory 7 |
| TOP OF THE 9TH |
|
Kannapolis Intimidators batting - Pitching for Hickory Crawdads : RHP Dan Landry
|
|
Batting: RHB Vic Lucatero
|
0-0: Foul Ball, location: 2F 0-1: Swinging Strike 0-2: Ball 1-2: Strikes out swinging
|
|
Batting: RHB Benny O'Connor
|
0-0: Ball 1-0: Ball 2-0: Called Strike 2-1: Ball 3-1: Base on Balls
|
|
Batting: RHB Adam Lambert
|
0-0: Called Strike 0-1: Swinging Strike 0-2: Ball 1-2: Strikes out swinging
|
|
Batting: SHB Ivan Barry
|
0-0: Called Strike 0-1: Ball 1-1: Called Strike 1-2: Strikes out looking
|
| Top of the 9th over - 0 runs, 0 hits, 0 errors, 1 left on base; Kannapolis 2 - Hickory 7 |
|